Unix NetHack Version 5.0.0-0 post-release - last build Jun 10 2026 00:39:30 (3ee93aec679c4c4259841fe613dc97188e26a321,branch:main).

Game began 2026-06-13 00:14:58, ended 2026-06-13 00:31:49.

ARFwashere, lawful male dwarven Archeologist

                       @
                     --Z---------             -------
                    #..f........|             |...^.|
   ---------      ###|.h.......>|        #####......|
   |.......|      ###...........-#########    |..<..|
   |........#######  |..........|             |.....|
   |.......|#        ------------             -------
   |.....>..#
   |.......|
   ---------

ARFwashere the Field Worker  St:14 Dx:9 Co:11 In:16 Wi:16 Ch:9  Lawful
Dlvl:3  $:67 HP:0(27) Pw:12(12) AC:10 Xp:3 T:989  Lev

Latest messages:
 You find a hidden passage.
 Ouch!  You bump into a door.
 In what direction? h
 The door opens.
 You have a little trouble lifting $ - 5 gold pieces (67 in total).
 You see here a scroll of light.
 You learn more about your items by comparing them.
 You have a little trouble lifting q - an uncursed scroll of light (2 in total).
 You stop.  The hobbit is in the way!
 You find a hidden door.
 The kitten misses the hobbit.
 The kitten bites the hobbit.
 The hobbit hits the kitten.
 Talk to whom? (in what direction) j
 The hobbit complains about unpleasant dungeon conditions.
 Talk to whom? (in what direction) j
 The hobbit complains about unpleasant dungeon conditions.
 Talk to whom? (in what direction) h
 The hobbit complains about unpleasant dungeon conditions.
 In what direction? k
 The door opens.
 You see here 2 food rations.
 You learn more about your items by comparing them.
 You have a little trouble lifting d - 2 uncursed food rations (7 in total).
 You swap places with the peaceful hobbit.
 The kitten misses the hobbit.
 The kitten bites the hobbit.
 The hobbit hits the kitten.
 The orc zombie hits!
 The wererat bites!
 The wererat changes into a human.
 You kill the wererat!
 You hit the orc zombie.
 The orc zombie hits!
 You hit the orc zombie!
 You hit the orc zombie.
 The orc zombie hits!
 What do you want to drink? [oru or ?*] ?
 You start to float in the air!
 Your movements are now unencumbered.
 The orc zombie hits!
 You miss the orc zombie.
 You hit the orc zombie.
 The orc zombie hits!
 You die...
 Do you want your possessions identified? [ynq] (y) y
 Do you want to see your attributes? [ynq] (y) y
 Do you want an account of creatures vanquished? [ynaq] (y) n
 Do you want to see your conduct and achievements? [ynq] (y) y
 Do you want to see the dungeon overview? [ynq] (y) y

Inventory:
 Coins    ('$')
  $ - 67 gold pieces
 Weapons  (')')
  a - a +2 bullwhip (alternate weapon; not wielded)
 Armor    ('[')
  p - an uncursed +0 orcish helm
  k - an uncursed +0 scale mail
 Comestibles  ('%')
  v - an uncursed apple
  d - 7 uncursed food rations
 Scrolls  ('?')
  n - an uncursed scroll of destroy armor
  q - 2 uncursed scrolls of light
  j - an uncursed scroll of magic mapping
  t - an uncursed scroll of remove curse
 Potions  ('!')
  u - an uncursed potion of enlightenment
  r - an uncursed potion of speed
 Tools    ('(')
  h - an empty uncursed sack
  s - an uncursed mirror
  l - an uncursed oil lamp
  e - a +0 pick-axe (weapon in right hand)
  i - an uncursed tin opener
  f - a tinning kit (0:82)
 Gems/Stones  ('*')
  m - a cursed amber stone
  g - an uncursed touchstone

ARFwashere the Archeologist's attributes:

Background:
 You were a Field Worker, a level 3 male dwarven Archeologist.
 You were lawful, on a mission for Quetzalcoatl
 who was opposed by Camaxtli (neutral) and Huhetotl (chaotic).
 You were right-handed.
 You were in the Dungeons of Doom, on level 3.
 You entered the dungeon 989 turns ago.
 It was the midnight hour.
 You had 56 experience points, 24 more were needed to attain level 4.

Basics:
 You had 0 out of 27 hit points.
 You had all 12 energy points (spell power).
 Your armor class was 10.
 Your wallet contained 67 zorkmids.
 Autopickup was on for '$' plus thrown.

Final Characteristics:
 Your strength was 14 (limit:18/100).
 Your dexterity was 9 (limit:20).
 Your constitution was 11 (limit:20).
 Your intelligence was 16 (limit:16).
 Your wisdom was 16 (limit:16).
 Your charisma was 9 (limit:16).

Final Status:
 You were levitating, at will.
 You weren't hungry.
 You were unencumbered.
 You were wielding a pick-axe.
 You had basic skill with pick-axe.
 You weren't wearing any armor.

Final Attributes:
 You were devoutly aligned.
 You had automatic searching.
 You had infravision.
 You are dead.

Miscellaneous:
 You didn't encounter any bones levels.
 Total elapsed playing time was 16 minutes and 50 seconds.

Major events:
 Turn
    1: ARFwashere the lawful male dwarven Archeologist entered the dungeon
  508: attained the rank of Field Worker (level 3)
  989: killed by an orc zombie

You didn't know any spells.

Skills:
 Fighting Skills
   bare handed combat [Unskilled]
   two weapon combat  [Unskilled]
   riding             [Unskilled]
 Weapon Skills
   dagger             [Unskilled]
   knife              [Unskilled]
   pick-axe           [Basic]
   short sword        [Unskilled]
   saber              [Unskilled]
   club               [Unskilled]
   quarterstaff       [Unskilled]
   sling              [Unskilled]
   dart               [Unskilled]
   boomerang          [Unskilled]
   whip               [Basic]
   unicorn horn       [Unskilled]
 Spellcasting Skills
   attack spells      [Unskilled]
   healing spells     [Unskilled]
   divination spells  [Unskilled]
   matter spells      [Unskilled]

Voluntary challenges:
 Character rerolling was not enabled.
 You followed a strict vegan diet.
 You never genocided any monsters.
 You never polymorphed an object.
 You never changed form.
 You used no wishes.
Achievement:
 You attained the rank of Field Worker.

 The Dungeons of Doom: levels 1 to 3
    Level 1:
    Level 2:
       An altar.
    Level 3: <- You were here.
       Final resting place for
          you, killed by an orc zombie.


Vanquished creatures:
  a wererat
  a hobbit
  a brown mold
  5 jackals
  a fox
  a kobold
  a goblin
  2 grid bugs
  5 lichens
  3 newts
21 creatures vanquished.

No species were genocided or became extinct.

Game over:
                       ----------
                      /          \
                     /    REST    \
                    /      IN      \
                   /     PEACE      \
                  /                  \
                  |    ARFwashere    |
                  |      67 Au       |
                  | killed by an orc |
                  |      zombie      |
                  |                  |
                  |                  |
                  |       2026       |
                 *|     *  *  *      | *
        _________)/\\_//(\/(/\)/\//\/|_)_______

Goodbye ARFwashere the Archeologist...

You died in The Dungeons of Doom on dungeon level 3 with 395 points,
and 67 pieces of gold, after 989 moves.
You were level 3 with a maximum of 27 hit points when you died.

